 Dungeon Crawl Stone Soup version 0.31-a0-1204-ge2c1a860ed (webtiles) character file.

Game seed: 17234061377978698387

57 greynaab the Ducker (level 3, 18/18 HPs)
             Began as a Felid Shapeshifter on Dec 12, 2023.
             Was a Believer of Qazlal.
             Quit the game on level 3 of the Dungeon.
             The game lasted 00:04:07 (1721 turns).

greynaab the Ducker (Felid Shapeshifter)            Turns: 1721, Time: 00:04:08

Health: 18/18      AC:  1    Str: 10    XL:     3   Next: 73%
Magic:  4/4        EV: 18    Int: 13    God:    Qazlal [**....]
Gold:   101        SH:  2    Dex: 17    Spells: 2/2 levels left
                                        Lives:  0   Deaths: 1

rFire   . .          .
                       - Unarmed
rCold   . . .        (shield unavailable)
rNeg    . . .        (body armour unavailable)
rPois   .            (helmet unavailable)
rElec   .            (cloak unavailable)
rCorr   .            (gloves unavailable)
SInv    +            (boots unavailable)
Will    .....        (no amulet)
Stlth   +            (no ring)
HPRegen 0.23/turn    (no ring)
MPRegen 0.09/turn

%: no passive effects
@: beast-form
A: beast (slay +2), very small, claws 1, fangs 3, see invisible, shaggy fur 1,
stealthy paws, no weapons or thrown items, no armour, multi-lived
a: Begin Untransformation, Renounce Religion, Upheaval


You were on level 3 of the Dungeon.
You worshipped Qazlal.
Qazlal was pleased with you.
You were a hulking beast.
You visited 1 branch of the dungeon, and saw 3 of its levels.

You collected 101 gold pieces.

Inventory:

Jewellery
 m - a ring of fire
Talismans
 b - a beast talisman
 c - a flux talisman
Scrolls
 d - a scroll of vulnerability
 f - 2 scrolls of teleportation
 i - a scroll of revelation {unknown}
 j - a scroll of noise {unknown}
 l - 2 scrolls of amnesia {unknown}
 n - a scroll of blinking {unknown}
Potions
 a - 2 potions of heal wounds {unknown}
 e - a potion of haste
 g - a potion of attraction {unknown}
 h - a potion of curing
 k - a potion of degeneration {unknown}


   Skills:
 + Level 1.7 Fighting
 + Level 3.6 Dodging
 - Level 3.0 Unarmed Combat
 + Level 0.1 Invocations
 * Level 3.5 Shapeshifting


You had 2 spell levels left.
You didn't know any spells.
Your spell library was empty.

Dungeon Overview and Level Annotations

Branches:
Dungeon (3/15) Zot: 22283

Altars:
Qazlal

Shops:
D:3 (

Annotations:
D:1 1 transporter
D:2 1 runed translucent door, Crazy Yiuf


Innate Abilities, Weirdness & Mutations

You are a hulking beast.
Your limbs bulge with bestial killing power. (Slay +2)
You have sharp claws.
You have razor-sharp teeth.
You have supernaturally acute eyesight. (SInv)
You are covered in fur. (AC +1)
Your paws help you pounce on unaware monsters.
You are incapable of wielding weapons or throwing items.
You cannot wear armour.
You gain extra lives every three experience levels.


Message History

You see here a bat corpse.
Found a spear.
You see here a bat corpse.
Found a pair of gloves and a chain mail.
g - a grey potion You see here a +0 pair of gloves.
You open the door. 4 gnolls and a goblin come into view.
The gnoll shouts! x2
You close the door.
A gnoll opens the door.
Unknown command.
You see here a +0 chain mail.
A ball python comes into view.
A bat comes into view.
You scratch the ball python.
You kill the ball python!
Qazlal accepts your kill. The bat closely misses you.
You barely miss the bat. You bite the bat.
You kill the bat!
Qazlal accepts your kill. The gnoll misses you.
You scratch the gnoll but do no damage. The gnoll hits you with a +0 flail!
You are too injured to fight recklessly!
You are too injured to fight recklessly!
You barely miss the gnoll. The gnoll closely misses you.
You scratch the gnoll.
The gnoll is lightly wounded.
The gnoll hits you with a +0 flail!
Ouch! That really hurt!
You die...
Your shape twists and changes as you die.
You rejoin the land of the living...
Found 19 gold pieces, a pair of gloves and 3 stones.
Unknown command.
You now have 101 gold pieces (gained 19).
Are you sure you want to abandon this character and quit the game? (Confirm with "yes".)
Okay, then.
Are you sure you want to abandon this character and quit the game? (Confirm with "yes".)

... #.#. #'# #.#. .#
#.g. #.# #.[# ..## #.g.
######...###### #.#.
#.............. #.#.
#.........# #.. #...
#...h.....###..#####.
..........#..#...†..†gg.
##.#[.............######
#.(......#.......
#################


There were no monsters in sight!

Vanquished Creatures
  An adder (D:2)
  A worm (D:2)
  A dart slug (D:2)
  4 ball pythons
  3 bats
  6 endoplasms
  2 giant cockroaches (D:2)
  A hobgoblin (D:1)
  A quokka (D:2)
  4 frilled lizards
  7 goblins
  7 kobolds
  A rat (D:1)
39 creatures vanquished.

Notes
Turn   | Place    | Note
-------+----------+-------------------------------------------
     0 | D:1      | greynaab the Felid Shapeshifter began the quest for the
                  | Orb.
     0 | D:1      | Reached XP level 1. HP: 10/10 MP: 2/2
   404 | D:1      | Found a faded altar of an unknown god.
   413 | D:1      | Prayed at the altar of an unknown god.
   413 | D:1      | Became a worshipper of Qazlal Stormbringer
   413 | D:1      | Reached * piety under Qazlal
   491 | D:1      | Reached XP level 2. HP: 14/14 MP: 3/3
   975 | D:2      | Reached XP level 3. HP: 15/18 MP: 4/4
  1118 | D:2      | Reached ** piety under Qazlal
  1336 | D:2      | Found a runed translucent door.
  1337 | D:2      | Noticed Crazy Yiuf
  1488 | D:3      | Found Tugg's Antique Weapon Emporium.
  1718 | D:3      | Slain by a gnoll
  1721 | D:3      | Quit the game

Illustrated notes

Levels and vault maps discovered:
D:1:      spicycebolla_arrival_risky_transporter, layout_loops_ring,
          ebering_ecumenical_altar_hall, minivault_24, minmay_crystal_room
D:2:      layout_rooms, uniq_crazy_yiuf_cottage
D:3:      layout_loops_corners, nicolae_overflows_in_rows, led_xom_imps,
          serial_undead, serial_undead_b, serial_undead_f, serial_undead_b,
          serial_undead_e, serial_shops, nicolae_shop_just_a_little_nook,
          st_stairs_12

Skill      XL: |  1 |
---------------+----+-----
Dodging        | 3 |  3.6
Shapeshifting  | 3 |  3.5
Fighting       | |  1.7
Unarmed Combat | |  3.0
Invocations    | |  0.1

Action                     || total
---------------------------++-------
  Melee: Unarmed           ||    84
         Bite              ||     8
         Punch             ||     3
    Use: Potion            ||     1
         Scroll            ||     4
   Stab: Sleeping          ||     1
 Armour: Skin              ||    25
  Dodge: Dodged            ||    61
  Block: Other             ||     1

Table legend: (Time is in decaauts)
 A = Elapsed time spent in this place.
 B = Non-inter-level travel time spent in this place.
 C = Inter-level travel time spent in this place.
 D = Time resting spent in this place.
 E = Time spent auto-exploring this place.
 F = Levels seen in this place.
 G = Mean time per level.
                   A        B        C        D        E       F      G
               +--------+--------+--------+--------+--------+-----+--------+
         Total |   1716 |   1629 |     87 |    200 |   1113 |   3 |  572.0 |
       Dungeon |   1716 |   1629 |     87 |    200 |   1113 |   3 |  572.0 |
               +--------+--------+--------+--------+--------+-----+--------+

Top non-repeatable levels by time:
     D:1: 828 daAuts
     D:2: 647 daAuts
     D:3: 241 daAuts
